 Dungeon Crawl Stone Soup version 0.29.0-7-g18a832c13a (webtiles) character file.

Game seed: 14517671287449284696

40 ExZ the Firebug (level 3, -2/26 HPs)
             Began as a Draconian Fire Elementalist on Aug 30, 2022.
             Slain by a gnoll
             ... wielding a +1 flail of protection
              (4 damage)
             ... on level 2 of the Dungeon.
             The game lasted 00:03:29 (1807 turns).

ExZ the Firebug (Draconian Fire Elementalist)       Turns: 1807, Time: 00:03:29

Health: -2/26      AC:  5    Str: 10    XL:     3   Next: 30%
Magic:  3/6        EV: 12    Int: 17    God:
Gold:   53         SH:  0    Dex: 11    Spells: 3/6 levels left

rFire   . . .      SeeInvis .   d - +0 hand axe
rCold   . . .      Faith    .   (no shield)
rNeg    . . .      Spirit   .   (body armour unavailable)
rPois   .          Reflect  .   (helmet restricted)
rElec   .          Harm     .   (no cloak)
rCorr   .          Rampage  .   (no gloves)
Will    .....                   (no boots)
Stlth   ++........              (no amulet)
HPRegen 0.08/turn               (no ring)
MPRegen 0.10/turn               (no ring)

@: attractive
A: AC +5, unfitting armour, cold-blooded
a: no special abilities


You were on level 2 of the Dungeon.
You visited 1 branch of the dungeon, and saw 2 of its levels.

You collected 53 gold pieces.

Inventory:

Hand Weapons
 d - a +0 hand axe (weapon)
Scrolls
 b - a scroll of noise {unknown}
 c - a scroll of blinking {unknown}
 h - a scroll of identify {unknown}
Potions
 a - a potion of magic
 f - 2 potions of brilliance {unknown}
 g - 2 potions of heal wounds {unknown}


   Skills:
 - Level 1.7 Dodging
 - Level 3.0 Stealth
 + Level 2.2 Spellcasting
 + Level 1.4 Conjurations
 + Level 3.2 Fire Magic


You had 3 spell levels left.
You knew the following spells:

 Your Spells              Type           Power      Damage    Failure   Level
a - Foxfire               Conj/Fire      36%        2x1d5     7%          1
b - Scorch                Fire           24%        2d6       8%          2

Your spell library contained the following spells:

 Spells                   Type           Power      Damage    Failure   Level
 Magic Dart               Conj           24%        1d4       11%         1
 Conjure Flame            Conj/Fire      9%         6-21      22%         3
 Call Imp                 Summ           1%         N/A       28%         2
 Inner Flame              Hex/Fire       7%         N/A       28%         3
 Ignite Poison            Fire/Tmut/Pois 5%         N/A       36%         3
 Mephitic Cloud           Conj/Pois/Air  3%         N/A       43%         3
 Flame Wave               Conj/Fire      9%         2d6       56%         4
 Sticky Flame             Conj/Fire      9%         2d3       56%         4


Dungeon Overview and Level Annotations

Branches:
Dungeon (2/15)

Altars:


Innate Abilities, Weirdness & Mutations

Your plain brown scales are hard. (AC +5)
You cannot fit into any form of body armour.
You are cold-blooded and may be slowed by cold attacks.


Message History

t - Shout!
Orders for allies: a - Attack new target. r - Retreat! s - Stop attacking. g - Guard the area. f - Follow me.
Anything else - Cancel.
You shout for attention!
What are your orders? t - Shout!
Orders for allies: a - Attack new target. r - Retreat! s - Stop attacking. g - Guard the area. f - Follow me.
Anything else - Cancel.
Okay, then.
A gnoll is nearby!
Casting: Scorch (safe; 8% risk of failure)
Confirm with . or Enter, or press ? or * to list all spells.
Flames lash the gnoll.
The gnoll shouts!
The gnoll is moderately wounded.
The gnoll's fire resistance burns away.
The gnoll is no longer more vulnerable to fire.
Casting: Scorch (safe; 8% risk of failure)
Confirm with . or Enter, or press ? or * to list all spells.
Flames lash the gnoll.
The gnoll is heavily wounded.
The gnoll's fire resistance burns away.
The gnoll attacks as you move away!
The gnoll hits you with a +1 flail of protection!
The gnoll attacks as you move away!
The gnoll hits you with a +1 flail of protection!
* * * LOW HITPOINT WARNING * * *
The gnoll attacks as you move away!
The gnoll hits you with a +1 flail of protection.
* * * LOW HITPOINT WARNING * * *
The gnoll is no longer more vulnerable to fire.
Unknown command.
It was a potion of attraction.
You feel attractive to monsters.
The gnoll hits you with a +1 flail of protection.
You die...

##.###########..#..#
##............#.##
############.#.#
#...)........#.#
#.......).....>#
##############.# #.#
###.# #.@.# ##g#.#
#..#.# #.##.#
####.##.# #######
#..g.##.#
#.....####.#####.#
#..........# #.#
#...g.###### #.#


You could see 2 gnolls.

Vanquished Creatures
  A gnoll (D:2)
  A dart slug (D:1)
  4 endoplasms
  3 goblins (D:1)
  4 quokkas
  4 ball pythons (D:1)
  4 bats
  A frilled lizard (D:1)
  4 kobolds
  2 rats (D:2)
28 creatures vanquished.

Vanquished Creatures (others)
  66 foxfires
66 creatures vanquished.

Grand Total: 94 creatures vanquished

Notes
Turn   | Place    | Note
-------+----------+-------------------------------------------
     0 | D:1      | ExZ the Draconian Fire Elementalist began the quest for the
                  | Orb.
     0 | D:1      | Reached XP level 1. HP: 14/14 MP: 3/3
   568 | D:1      | Reached XP level 2. HP: 19/20 MP: 0/5
   839 | D:1      | Learned a level 2 spell: Scorch
  1383 | D:2      | Reached XP level 3. HP: 26/26 MP: 0/6
  1807 | D:2      | Slain by a gnoll

Illustrated notes

Levels and vault maps discovered:
D:1:      minmay_arrival_open_corners, layout_basic, minmay_misc_feat_plants
D:2:      cheibrodos_pilgrimage, layout_basic, ebering_ecumenical_altar_hall,
          minmay_lizard_king, uniq_crazy_yiuf_cottage

Skill      XL: |  1  2 |
---------------+-------+-----
Stealth        | 2 3 |  3.0
Dodging        | |  1.7
Spellcasting   | |  2.2
Conjurations   | |  1.4
Fire Magic     | |  3.2

Action                   || total
-------------------------++-------
Melee: Hand axe          ||    15
       Tailslap          ||     2
       Unarmed           ||     1
 Cast: Foxfire           ||    41
       Scorch            ||    13
  Use: Potion            ||     1
Armor: Skin              ||     9
Dodge: Dodged            ||    20
